 Dungeon Crawl Stone Soup version 0.30-a0-223-gcb0039aa0c (webtiles) character file.

Game seed: 13486693477863612668

67 porpoise the Poker (level 3, -5/28 HPs)
             Began as a Demonspawn Gladiator on Oct 10, 2022.
             Killed by divine providence
             ... invoked by an orc priest
              (10 damage)
             ... on level 3 of the Dungeon.
             The game lasted 00:06:50 (1965 turns).

porpoise the Poker (Demonspawn Gladiator)           Turns: 1965, Time: 00:06:50

Health: -5/28      AC:  6    Str: 16    XL:     3   Next: 98%
Magic:  3/3        EV: 13    Int:  9    God:
Gold:   3          SH:  0    Dex: 14    Spells: 2/2 levels left

rFire   + . .      SeeInvis .    a - +0 trident
rCold   + . .      Faith    .    (no shield)
rNeg    . . .      Spirit   .    f - +0 ring mail
rPois   +          Reflect  .    c - +0 helmet
rElec   +          Harm     .    (no cloak)
rCorr   +          Rampage  .    (no gloves)
Will    .....                    (no boots)
Stlth   +.........               (no amulet)
HPRegen 0.24/turn                (no ring)
MPRegen 0.08/turn                (no ring)

@: resistant
A: repulsion field 1, weakness stinger 1, mutation resistance 1
a: no special abilities


You were on level 3 of the Dungeon.
You visited 1 branch of the dungeon, and saw 3 of its levels.

You collected 105 gold pieces.
You spent 102 gold pieces at shops.

Inventory:

Hand Weapons
 a - a +0 trident (weapon)
Missiles
 d - 3 throwing nets (quivered)
 e - a javelin
 l - 4 silver boomerangs
 m - 5 atropa-tipped darts
Armour
 c - a +0 helmet (worn)
 f - a +0 ring mail (worn)
Scrolls
 b - a scroll of enchant armour {unknown}
 g - 2 scrolls of teleportation {unknown}
 h - 4 scrolls of identify {unknown}
 i - a scroll of brand weapon {unknown}
 n - a scroll of butterflies {unknown}
Potions
 j - a potion of lignification {unknown}
 k - a potion of brilliance {unknown}
 o - a potion of curing {unknown}
 p - a potion of resistance


   Skills:
 + Level 2.9 Fighting
 * Level 4.0 Polearms
 - Level 1.7 Throwing
 - Level 2.6 Dodging


You had 2 spell levels left.
You didn't know any spells.
Your spell library contained the following spells:

 Spells                   Type           Power      Damage    Failure   Level
 Dazzling Flash           Conj/Hex       0%         N/A       93%         3
 Agony                    Necr           0%         N/A       100%        5
 Silence                  Hex/Air        0%         N/A       100%        5


Dungeon Overview and Level Annotations

Branches:
Dungeon (3/15)

Altars:
Gozag

Shops:
D:3 **


Innate Abilities, Weirdness & Mutations

You are surrounded by a mild repulsion field. (EV +2)
You have a small tail.
You are somewhat resistant to further mutation.


Message History

You kill the orc!
Your Polearms skill increases to level 4!
You puncture the orc!
You kill the orc!
Items here: ))) [ †.
Okay, then.
Unknown command.
An orc priest comes into view. It is wielding a +0 falchion.
The orc shouts!
The orc priest shouts!
You hit the orc priest.
The orc priest is lightly wounded.
The orc priest hits you with a +0 falchion.
The orc hits you with a +0 hand axe.
The orc priest hits you with a +0 falchion.
You barely miss the orc priest.
The orc priest is lightly wounded.
The orc barely misses you.
The orc priest invokes the aid of Beogh against you.
Pain shoots through your body!
Ouch! That really hurt!
* * * LOW HITPOINT WARNING * * *
It was a potion of resistance.
You feel protected.
The orc priest looks encouraged for a moment.
The orc hits you but does no damage.
It was a potion of mutation.
You feel extremely strange.
You feel genetically stable. The orc barely misses you.
The orc priest closely misses you.
You hit the orc priest but do no damage.
Your tail-slap misses the orc priest.
The orc priest is lightly wounded.
The orc misses you.
The orc priest hits you with a +0 falchion.
* * * LOW HITPOINT WARNING * * *
You barely miss the orc priest.
Your tail-slap misses the orc priest.
The orc priest is lightly wounded.
The orc misses you.
The orc priest mumbles some strange prayers to Beogh against you.
Beogh smites you!
You die...

######## ##......# ##########
#....∩..#######.........
#######.......##...)'.........
...................##.........
...................##.†)......
..........#.....@..##.########
###########....oo..##.....#
#........##.....+
#..........#....#
####.....†.#....#
+.....>.#....##
###.............. ##
..................+.#
.....###..........#.#


You could see an orc priest and an orc.

Vanquished Creatures
  An adder (D:2)
  A dart slug (D:1)
  3 orcs (D:3)
  6 bats
  A giant cockroach (D:2)
  7 goblins
  4 hobgoblins
  8 jackals
  5 ball pythons (D:1)
  4 frilled lizards
  5 kobolds
  6 rats
51 creatures vanquished.

Notes
Turn   | Place    | Note
-------+----------+-------------------------------------------
     0 | D:1      | porpoise the Demonspawn Gladiator began the quest for the
                  | Orb.
     0 | D:1      | Reached XP level 1. HP: 16/16 MP: 1/1
   147 | D:1      | Reached skill level 3 in Polearms
   150 | D:1      | Gained mutation: You are surrounded by a mild repulsion
                  | field. (EV +2) [demonic ancestry]
   150 | D:1      | Reached XP level 2. HP: 18/22 MP: 2/2
   269 | D:1      | Found a faded altar of an unknown god.
   696 | D:1      | Gained mutation: You have a small tail. [demonic ancestry]
   696 | D:1      | Reached XP level 3. HP: 28/28 MP: 3/3
  1175 | D:2      | Found an opulent altar of Gozag.
  1788 | D:3      | Found Ybrang's General Store.
  1895 | D:3      | Found Yffah's Assorted Antiques.
  1905 | D:3      | Bought a murky cyan potion for 16 gold pieces
  1905 | D:3      | Bought a blue potion for 16 gold pieces
  1905 | D:3      | Bought a scroll labelled GYK OSAOBBAWA for 18 gold pieces
  1905 | D:3      | Bought a scroll labelled GYK OSAOBBAWA for 18 gold pieces
  1905 | D:3      | Bought a blue potion for 16 gold pieces
  1905 | D:3      | Bought a scroll labelled YNEBBEAZXIGG for 18 gold pieces
  1950 | D:3      | Reached skill level 4 in Polearms
  1963 | D:3      | Gained mutation: You are somewhat resistant to further
                  | mutation. [potion of mutation]
  1965 | D:3      | Killed from afar by an orc priest

Illustrated notes

Levels and vault maps discovered:
D:1:      sevenhm_arrival_forest_fort_small_4, layout_basic,
          nicolae_ecumenical_snake_handling, minmay_misc_feat_diagonals
D:2:      layout_basic, basic_altar
D:3:      layout_basic, serial_shops, shop, nicolae_shop_trees, shop,
          nicolae_shop_bloodbath_and_beyond

Skill      XL: |  1  2  3 |
---------------+----------+-----
Polearms       | 3 4 |  4.0
Fighting       | |  2.9
Throwing       | |  1.7
Dodging        | |  2.6

Action                   || total
-------------------------++-------
Melee: Trident           ||   144
       Punch             ||     1
       Tailslap          ||     5
  Use: Potion            ||     2
 Stab: Sleeping          ||     1
Armor: Leather armour    ||     8
       Ring mail         ||    24
Dodge: Dodged            ||    77

Table legend: (Time is in decaauts)
 A = Elapsed time spent in this place.
 B = Non-inter-level travel time spent in this place.
 C = Inter-level travel time spent in this place.
 D = Time resting spent in this place.
 E = Time spent auto-exploring this place.
 F = Levels seen in this place.
 G = Mean time per level.
                   A        B        C        D        E       F      G
               +--------+--------+--------+--------+--------+-----+--------+
         Total |   1987 |   1924 |     63 |    158 |   1413 |   3 |  662.3 |
       Dungeon |   1987 |   1924 |     63 |    158 |   1413 |   3 |  662.3 |
               +--------+--------+--------+--------+--------+-----+--------+

Top non-repeatable levels by time:
     D:1: 1059 daAuts
     D:2: 749 daAuts
     D:3: 178 daAuts
